Unix NetHack Version 5.0.0-0 post-release - last build Jun 10 2026 00:39:30 (3ee93aec679c4c4259841fe613dc97188e26a321,branch:main).

Game began 2026-06-15 12:52:55, ended 2026-06-15 13:03:15.

GdeVolpiano, lawful female human Archeologist

          --------                       -------
          |+..?!.|    -----------        |.....|    #
          |/?%%%.|   #..........|        |......##--.-----     ---------------
          |!%%(%.|   #|.........|        |.....| #.......|     |.............|
          |(.*.).-####|.........|        ---.---  |......|     |.............|
          --------    |.........|           ###   |.<(....#    |.............|
                      |.........|             #   |...----#####..............|
                      |.........|             #   |....  ###*  ------------.--
                      ------.----             ### |...|     #
                          ###                   # ---.-     #
                          #                     ###  ####   *#####
                          #                       #     #        #
                          #                       ##    #############
                      ----|---          -----------.---  ###    #########
                      |......-#####d@%##....:.........|               --.-----
                      |....>.|          |.............|               |......|
                      |.)....|          |.............|               |......|
                      --------          |.............|               |......|
                                        -----------#---               --------

GdeVolpiano the Field Worker  St:16 Dx:8 Co:14 In:17 Wi:15 Ch:7  Lawful
Dlvl:3  $:23 HP:0(26) Pw:11(11) AC:9  Xp:3 T:1542  Hungry  

Latest messages:
 The homunculus bites!
 The homunculus bites!
 You wake up.
 You miss the homunculus.
 The homunculus bites!
 You miss the homunculus.
 The homunculus bites!
 Your silver saber sears the homunculus' flesh!
 You kill the homunculus!
 You see here a homunculus corpse.
 The newt bites!
 You miss the newt.
 The newt bites!
 You hit the newt.
 The little dog bites!
 You miss the newt.
 The little dog bites!
 The little dog bites!
 You kill the newt!
 The little dog bites!
 #
 Are you sure you want to pray? [yn] (n)
 You begin praying to Quetzalcoatl.
 You are surrounded by a shimmering light.
 The little dog starts to attack you, but pulls back.
 The little dog starts to attack you, but pulls back.
 The little dog starts to attack you, but pulls back.
 The little dog starts to attack you, but pulls back.
 The little dog starts to attack you, but pulls back.
 The little dog starts to attack you, but pulls back.
 You finish your prayer.
 You feel that Quetzalcoatl is well-pleased.
 You feel much better.
 You miss the little dog.
 The little dog bites!
 You miss the little dog.
 The little dog bites!
 The little dog bites!
 You hit the little dog.
 The little dog bites!
 The little dog bites!
 e - a +0 pick-axe (weapon in right hand).
 C - a silver saber (alternate weapon; not wielded).
 The little dog bites!
 The little dog bites!
 You hit the little dog.
 The little dog bites!
 You die...
 Do you want your possessions identified? [ynq] (y)
 Do you want to see your attributes? [ynq] (y)

Inventory:
 Coins    ('$')
  $ - 23 gold pieces
 Weapons  (')')
  C - a +1 silver saber (alternate weapon; not wielded)
 Armor    ('[')
  c - an uncursed +0 fedora (being worn)
  b - an uncursed +0 leather jacket (being worn)
 Comestibles  ('%')
  n - an uncursed fig
  d - 3 uncursed food rations
  G - 2 uncursed fortune cookies
 Spellbooks  ('+')
  z - a blessed spellbook of extra healing
 Tools    ('(')
  h - an empty uncursed sack
  e - a +0 pick-axe (weapon in right hand)
 Gems/Stones  ('*')
  g - an uncursed touchstone

GdeVolpiano the Archeologist's attributes:

Background:
 You were a Field Worker, a level 3 female human Archeologist.
 You were lawful, on a mission for Quetzalcoatl
 who was opposed by Camaxtli (neutral) and Huhetotl (chaotic).
 You were right-handed.
 You were in the Dungeons of Doom, on level 3.
 You entered the dungeon 1542 turns ago.
 There was a new moon in effect when your adventure ended.
 You had 79 experience points, 1 more was needed to attain level 4.

Basics:
 You had 0 out of 26 hit points.
 You had all 11 energy points (spell power).
 Your armor class was 9.
 Your wallet contained 23 zorkmids.
 Autopickup was on for '$?!/="+' plus thrown, with exceptions.

Final Characteristics:
 Your strength was 16 (limit:18/100).
 Your dexterity was 8 (limit:18).
 Your constitution was 14 (limit:18).
 Your intelligence was 17 (limit:18).
 Your wisdom was 15 (limit:18).
 Your charisma was 7 (limit:18).

Final Status:
 You were hungry.
 You were unencumbered.
 You were wielding a pick-axe.
 You had basic skill with pick-axe.

Final Attributes:
 You were devoutly aligned.
 You had automatic searching.
 You were lucky.
 You are dead.

Miscellaneous:
 You didn't encounter any bones levels.
 Total elapsed playing time was 10 minutes and 19 seconds.

Major events:
 Turn
    1: GdeVolpiano the lawful female human Archeologist entered the dungeon
  958: attained the rank of Field Worker (level 3)
 1542: killed by a little dog

Spells:
 Name                 Level Category     Fail Retention
 extra healing          3   healing       98%  76%-100%
 detect monsters        1   divination     0%  76%-100%

Skills:
 Fighting Skills
   bare handed combat [Unskilled]
   two weapon combat  [Unskilled]
   riding             [Unskilled]
 Weapon Skills
   dagger             [Unskilled]
   knife              [Unskilled]
   pick-axe           [Basic]
   short sword        [Unskilled]
   saber              [Unskilled]
   club               [Unskilled]
   quarterstaff       [Unskilled]
   sling              [Unskilled]
   dart               [Unskilled]
   boomerang          [Unskilled]
   whip               [Basic]
   unicorn horn       [Unskilled]
 Spellcasting Skills
   attack spells      [Unskilled]
   healing spells     [Unskilled]
   divination spells  [Unskilled]
   matter spells      [Unskilled]

Voluntary challenges:
 Character rerolling was not enabled.
 You never genocided any monsters.
 You never polymorphed an object.
 You never changed form.
 You used no wishes.
Achievements:
 You entered a shop.
 You attained the rank of Field Worker.

 The Dungeons of Doom: levels 1 to 4
    Level 1:
       A fountain, a sink.
    Level 2:
       A vegetarian food shop.
    Level 3: <- You were here.
       A general store.
       Final resting place for
          you, killed by a little dog.
    Level 4:


Vanquished creatures:
  a kitten
  a homunculus
  2 iguanas
 an acid blob
  a hobbit
  a large kobold
  a gecko
  3 jackals
  4 foxes
  3 grid bugs
  a bat
  a lichen
  2 kobold zombies
  6 newts
28 creatures vanquished.

No species were genocided or became extinct.

Game over:
                       ----------
                      /          \
                     /    REST    \
                    /      IN      \
                   /     PEACE      \
                  /                  \
                  |   GdeVolpiano    |
                  |      23 Au       |
                  |   killed by a    |
                  |    little dog    |
                  |                  |
                  |                  |
                  |       2026       |
                 *|     *  *  *      | *
        _________)/\\_//(\/(/\)/\//\/|_)_______

Goodbye GdeVolpiano the Archeologist...

You died in The Dungeons of Doom on dungeon level 3 with 487 points,
and 23 pieces of gold, after 1542 moves.
You were level 3 with a maximum of 26 hit points when you died.

